Map: Cyber Forest LE

Players

Parkkatz - Winner!

  • Race: Zerg Zerg
  • League: Platinum
  • Spawn Location: 5:00

skhighcraft

  • Race: Protoss Protoss
  • League: Platinum
  • Spawn Location: 11:00

VOD

Have the link to the VOD?

Description

Time

  • Played on: July 3, 2019, 11:59 a.m.
  • Length: 7:49
Show
View Real Time Build Order
Export as new Build Order

Parkkatz Zerg - Winner!

Build Orders: Hatch First 

Get SALT Encoding   

  12  0:01  Drone  
  13  0:13  Overlord  
  13  0:18  Drone  
  14  0:31  Drone x2  
  16  0:36  Drone  
  17  0:46  Drone  
  18  0:58  Hatchery  
  18  1:01  Extractor  
  18  1:02  Drone  
  17  1:18  Spawning Pool  
  16  1:20  Drone  
  17  1:26  Drone  
  17  1:30  Drone  
  19  1:42  Overlord  
  19  2:05  Queen  
  21  2:10  Zergling x6  
  21  2:13  Queen  
  26  2:18  Roach Warren  
  25  2:27  Metabolic Boost  
  25  2:36  Drone x3  
  28  2:44  Queen  
  30  2:54  Drone x3  
  33  3:02  Drone x3  
  35  3:20  Overlord  
  35  3:33  Drone  
  36  3:35  Overlord  
  36  3:38  Drone x3, Extractor  
  36  3:39  Drone x4, Extractor  
  39  3:49  Drone x2  
  39  3:54  Drone  
  42  4:02  Zergling x2  
  43  4:11  Drone  
  43  4:12  Drone  
  43  4:16  Hatchery  
  44  4:20  Overlord x2  
  44  4:27  Overlord  
  44  4:48  Roach  
  44  4:49  Roach x9  
  44  4:52  Lair  
  64  4:59  Overlord  
  64  5:00  Overlord  
  64  5:10  Spore Crawler  
  64  5:12  Spore Crawler  
  62  5:14  Drone  
  62  5:15  Drone  
  62  5:16  Drone x2  
  62  5:18  Drone  
  62  5:19  Drone  
  68  5:22  Drone  
  68  5:23  Drone x3  
  72  5:34  Drone x3  
  72  5:35  Queen  
  76  5:56  Drone  
  77  5:57  Drone x8  
  84  6:04  Drone x3  
  84  6:06  Spore Crawler  
  85  6:18  Queen x2  
  85  6:21  Queen, Extractor x2  
  89  6:35  Spore Crawler  
  89  6:36  Spine Crawler  
  89  6:39  Spore Crawler, Drone x2, Overlord x2, Spine Crawler  
  83  6:40  Overlord  
  79  6:49  Roach x3  
  79  6:52  Overlord x3  
  77  7:05  Extractor  
  76  7:10  Zergling x14  
  76  7:11  Zergling x18  
  90  7:21  Drone  
  91  7:24  Drone x2  
Show
View Real Time Build Order
Export as new Build Order

skhighcraft Protoss 

Build Orders:  

Get SALT Encoding   

  12  0:01  Probe  
  13  0:13  Probe  
  14  0:26  Pylon  
  14  0:31  Probe  
  15  0:44  Probe  
  16  0:54  Gateway  
  16  0:56  Probe  
  17  1:03  Assimilator  
  17  1:09  Probe  
  18  1:21  Pylon  
  18  1:33  Forge  
  18  1:35  Probe  
  19  1:51  Nexus  
  19  2:02  Cybernetics Core  
  19  2:10  Photon Cannon  
  19  2:23  Probe  
  20  2:35  Probe, Stalker  
  20  2:42  Warp Gate  
  22  2:47  Gateway  
  22  2:48  Probe  
  23  2:58  Pylon  
  23  3:04  Zealot  
  25  3:13  Probe  
  24  3:29  Probe  
  24  3:32  Stalker  
  24  3:48  Probe  
  22  3:52  Assimilator  
  22  3:53  Stalker  
  24  3:57  Assimilator  
  24  3:59  Probe  
  24  4:00  Probe  
  26  4:08  Robotics Facility  
  26  4:12  Probe  
  26  4:15  Probe  
  28  4:24  Probe  
  28  4:28  Probe  
  30  4:33  Gateway  
  30  4:34  Gateway  
  30  4:42  Twilight Council  
  30  4:45  Probe  
  31  4:49  Probe  
  32  4:57  Probe  
  33  5:01  Observer  
  33  5:03  Probe  
  35  5:09  Probe  
  36  5:15  Probe  
  36  5:17  Pylon  
  36  5:21  Probe  
  38  5:22  Warp Prism  
  38  5:27  Probe  
  41  5:34  Templar Archives  
  41  5:36  Probe  
  41  5:41  Assimilator  
  42  5:46  Probe  
  42  5:49  Immortal  
  43  5:50  Probe  
  42  6:03  Stalker  
  44  6:06  Zealot x2  
  44  6:09  Probe  
  49  6:16  Probe  
  49  6:21  Stalker  
  49  6:23  Probe  
  43  7:07  Pylon  
  43  7:17  Nexus  
  43  7:21  Pylon  
  43  7:25  Probe  
Tags
 
Add a new tag
Caveats
  • Supply blocks, unpowered buildings, or Contaminate may cause inaccurate times.
  • Supply counts are checked every 10 seconds.